 Dungeon Crawl Stone Soup version 0.23.2-30-g0e89c35649 (webtiles) character file.

Game seed: 18440088638906527301

1040 Darkins the Conjurer (level 7, -2/50 HPs)
             Began as a Demigod Conjurer on June 20, 2019.
             Slain by a killer bee (4 damage)
             ... on level 6 of the Dungeon.
             The game lasted 00:24:37 (5518 turns).

Darkins the Conjurer (Demigod Conjurer)             Turns: 5518, Time: 00:24:44

Health: -2/50      AC:  5    Str: 11    XL:     7   Next: 74%
Magic:  13/19      EV: 12    Int: 23    God:
Gold:   267        SH:  0    Dex: 16    Spells: 14/17 levels left

rFire    . . .     SeeInvis .   (no weapon)
rCold    . . .     Gourm    .   (no shield)
rNeg     . . .     Faith    .   a - +0 robe
rPois    .         Spirit   .   (no helmet)
rElec    .         Reflect  .   l - +1 cloak
rCorr    +         Harm     .   d - +0 pair of gloves
MR       .....                  (no boots)
Stlth    ++........             (no amulet)
HPRegen  0.16/turn              o - ring of resist corrosion
MPRegen  0.16/turn              (no ring)

@: lethally poisoned (-2 -> -27)
A: high mp 1
a: no special abilities


You were on level 6 of the Dungeon.
You were hungry.

You visited 2 branches of the dungeon, and saw 7 of its levels.

You collected 293 gold pieces.
You spent 26 gold pieces at shops.

Inventory:

Hand Weapons
 w - a +0 hand axe
Armour
 a - a +0 robe (worn)
 d - a +0 pair of gloves (worn)
 k - a +0 cloak
 l - a +1 cloak (worn)
 s - a +1 cloak
 t - a +0 leather armour of fire resistance
 v - a +2 scale mail of magic resistance
Jewellery
 o - a ring of resist corrosion (left hand)
 x - a +2 ring of evasion
Wands
 y - a wand of paralysis (3)
Scrolls
 f - a scroll of random uselessness {unknown}
 i - 2 scrolls of remove curse
 j - 4 scrolls of amnesia
 m - a scroll of blinking
 p - 3 scrolls of fog {unknown}
 r - a scroll of teleportation {unknown}
 A - 2 scrolls of identify
Potions
 b - a potion of degeneration {unknown}
 e - 2 potions of haste
 g - a potion of agility {unknown}
 h - 3 potions of magic {unknown}
 n - 2 potions of curing
 q - 2 potions of berserk rage
 u - a potion of flight {unknown}
 z - a potion of brilliance {unknown}
Comestibles
 c - 9 rations


   Skills:
 - Level 1.8 Dodging
 - Level 1.9 Stealth
 + Level 5.7 Spellcasting
 + Level 7.0 Conjurations


You had 14 spell levels left.
You knew the following spells:

 Your Spells              Type           Power        Failure   Level  Hunger
a - Magic Dart            Conj           ####         1%          1    None
b - Searing Ray           Conj           #####.       1%          2    None

Your spell library contained the following spells:

 Spells                   Type           Power        Failure   Level  Hunger
 Iskenderun's Mystic Bla  Conj           #####...     4%          4    ###....
 Dazzling Spray           Conj/Hex       ###...       6%          3    #......
 Force Lance              Conj/Tloc      ###.....     21%         4    ###....
 Fulminant Prism          Conj/Hex       ###.......   21%         4    ###....


Dungeon Overview and Level Annotations

Branches:
Dungeon (6/15)             Temple (1/1) D:4

Shops:
D:4 [!*%


Innate Abilities, Weirdness & Mutations

You have an increased reservoir of magic. (+10% MP)


Message History

You feel sick. The killer bee barely misses you.
The searing ray misses the killer bee.
You finish channeling your searing ray.
You feel sick. The killer bee stings you! The killer bee barely misses you.
You feel sick. The killer bee barely misses you. The killer bee stings you.
* * * LOW HITPOINT WARNING * * *
You are more poisoned.
The killer bee poisons you!
Casting: Searing Ray (safe; 1% risk of failure)
Confirm with . or Enter, or press ? or * to list all spells.
Aiming: Searing Ray (safe; 1% risk of failure)
Press: ? - help, Shift-Dir - straight line, f/p - killer bee
Aim: a killer bee The searing ray hits the killer bee.
The killer bee is moderately wounded. (Press . to maintain the ray.)
* * * LOW HITPOINT WARNING * * *
You feel sick. The killer bee stings you!
* * * LOW HITPOINT WARNING * * *
The killer bee stings you.
You die...

.# # ######
#.##.#
#.....###......
y......<.......
#y.............
yy....#.##.....
#.....#.# #...
###.# #y# .#
... #@# #
........#
#########


You could see a killer bee.

Vanquished Creatures
  Sigmund (D:3)
  An ogre (D:4)
  A centaur (D:2)
  A scorpion (D:5)
  A killer bee (D:6)
  A crimson imp (D:5)
  A hound (D:5)
  A jelly (D:5)
  5 orc priests
  Natasha (thrice) (D:3)
  2 worker ants
  A hound skeleton (D:4)
  A howler monkey zombie (D:4)
  A worker ant zombie (D:4)
  A gnoll (D:5)
  9 adders
  A shadow imp (D:5)
  2 oozes
  An adder zombie (D:4)
  5 worms
  A dart slug (D:5)
  3 leopard geckos
  13 orcs
  16 bats
  5 giant cockroaches
  8 goblins
  6 hobgoblins
  7 jackals
  12 kobolds
  3 ball pythons
  6 frilled lizards
  A giant cockroach zombie (D:4)
  A jackal skeleton (D:5)
  2 leopard gecko zombies (D:4)
  5 rats
129 creatures vanquished.

Vanquished Creatures (others)
  4 toadstools (D:1)
4 creatures vanquished.

Grand Total: 133 creatures vanquished

Notes
Turn   | Place    | Note
-------+----------+-------------------------------------------
     0 | D:1      | Darkins the Demigod Conjurer began the quest for the Orb.
     0 | D:1      | Reached XP level 1. HP: 14/14 MP: 5/5
   227 | D:1      | Reached skill level 4 in Conjurations
   227 | D:1      | Reached XP level 2. HP: 20/20 MP: 2/7
   411 | D:1      | Found a snail-covered altar of Cheibriados.
  1061 | D:2      | Reached XP level 3. HP: 26/26 MP: 3/8
  1610 | D:2      | Noticed a centaur
  1632 | D:2      | Reached XP level 4. HP: 31/33 MP: 6/10
  2360 | D:3      | Reached skill level 5 in Conjurations
  2466 | D:3      | Noticed Natasha
  2471 | D:3      | Killed Natasha
  2496 | D:3      | Noticed Natasha
  2524 | D:3      | Killed Natasha
  2524 | D:3      | Reached XP level 5. HP: 37/38 MP: 0/12
  2642 | D:3      | Learned a level 2 spell: Searing Ray
  2778 | D:3      | Found a white marble altar of Elyvilon.
  2843 | D:3      | Noticed Natasha
  2851 | D:3      | Killed Natasha
  2926 | D:3      | Noticed Sigmund
  2951 | D:4      | Found Ytuczu's Distillery.
  3225 | D:4      | Found Sekiw's Antique Armour Emporium.
  3228 | D:4      | Noticed an ogre
  3251 | D:4      | Killed an ogre
  3251 | D:4      | Reached XP level 6. HP: 44/45 MP: 6/15
  3477 | D:4      | Found a staircase to the Ecumenical Temple.
  3595 | D:4      | Found a shadowy altar of Dithmenos.
  3670 | D:4      | Found Illuis's General Store.
  3678 | D:4      | Bought a scroll of identify for 26 gold pieces
  3700 | D:4      | Found Ifrogun's Food Shop.
  3940 | D:3      | Killed Sigmund
  3940 | D:3      | Reached skill level 6 in Conjurations
  4071 | D:2      | Reached XP level 7. HP: 32/50 MP: 11/17
  4163 | Temple   | Entered the Ecumenical Temple
  4416 | D:5      | Entered Level 5 of the Dungeon
  4447 | D:5      | Reached skill level 5 in Spellcasting
  4606 | D:5      | Paralysed by an orc for 6 turns
  5188 | D:5      | Reached skill level 7 in Conjurations
  5412 | D:5      | Found a radiant altar of Vehumet.
  5487 | D:5      | Found a bloodstained altar of Trog.
  5518 | D:6      | HP: 2/50 [killer bee (8)]
  5518 | D:6      | Slain by a killer bee

Skill      XL: |  1  2  3  4  5  6  7 |
---------------+----------------------+-----
Conjurations   | 4 5 6 7 |  7.0
Spellcasting   | 2 3 4 5 |  5.7
Dodging        | |  1.8
Stealth        | |  1.9

Action                   |  1- 3 |  4- 6 |  7- 9 || total
-------------------------+-------+-------+-------++-------
Melee: Unarmed           |     2 |       |       ||     2
 Cast: Magic Dart        |   106 |   135 |    46 ||   287
       Searing Ray       |       |     9 |    12 ||    21
  Use: Scroll            |       |     5 |     2 ||     7
  Eat: Chunk             |     3 |     7 |     4 ||    14
Armor: Robe              |     8 |    24 |     6 ||    38
Dodge: Dodged            |    19 |    40 |    21 ||    80
